 Dungeon Crawl Stone Soup version 0.31-a0-424-g41b3b0883d (webtiles) character file.

Game seed: 632528396729742510

70698 Morbidden the Grappler (level 14, -22/137 HPs)
             Began as a Troll Shapeshifter on July 30, 2023.
             Was an Elder of Cheibriados.
             Annihilated by a golden dragon simulacrum (45 damage)
             ... in an ice cave.
             The game lasted 00:38:53 (19579 turns).

Morbidden the Grappler (Troll Shapeshifter)        Turns: 19579, Time: 00:38:54

Health: -22/137    AC: 10    Str: 40    XL:     14   Next: 95%
Magic:  13/18      EV: 22    Int: 14    God:    Cheibriados [****..]
Gold:   2885       SH:  0    Dex: 26    Spells: 13/13 levels left

rFire   . .          .
                       - Unarmed
rCold   . . .        (no shield)
rNeg    . . .        G - +4 troll leather armour
rPois   .            (helmet currently unavailable)
rElec   .            (cloak currently unavailable)
rCorr   .            (gloves unavailable)
SInv    .            (boots unavailable)
Will    +....        Z - amulet of regeneration
Stlth   +++          y - +6 ring of dexterity
HPRegen 2.82/turn    Q - +5 ring of evasion
MPRegen 0.16/turn

%: no passive effects
@: beast-form, slowed, studying 2 skills, very slow
A: beast (slay +6), large, unfitting armour, claws 3, regeneration 1, shaggy fur
1, tough skin 1
a: Begin Untransformation, Renounce Religion, Bend Time, Temporal Distortion,
Slouch


You were in an ice cave.
You worshipped Cheibriados.
Cheibriados was greatly pleased with you.
You were a hulking beast.
You visited 3 branches of the dungeon, and saw 20 of its levels.
You also visited: Ice Cave.

You collected 2885 gold pieces.

Inventory:

Hand Weapons
 b - a +1 heavy sling
 B - a +0 arbalest
 N - a +2 war axe of flaming
Missiles
 j - 22 poisoned darts
 k - 6 stones
 s - 3 boomerangs (quivered)
 E - 6 javelins
 M - 5 silver javelins
 X - 10 large rocks
Armour
 a - a +2 robe of cold resistance
 C - the +1 hat "Esudihal" {Dex+2}
   (You acquired it in an ice cave)

   Dex:       It affects your dexterity (+2).
 G - a +4 troll leather armour (worn)
Jewellery
 t - the ring of Yendor {rF++ MP+9 Int+2}
   (You acquired it on level 12 of the Dungeon)

   [ring of magical power]

   Int:       It affects your intelligence (+2).
   rF:        It greatly protects you from fire.
   MP:        It affects your magic capacity (+9).
 y - a +6 ring of dexterity (left claw)
 Q - a +5 ring of evasion (right claw)
 R - a ring of poison resistance
 U - a ring of protection from fire
 V - a ring of see invisible
 W - an amulet of the acrobat
 Z - an amulet of regeneration (around neck)
Talismans
 c - a beast talisman (active)
 L - a granite talisman
 P - a blade talisman
Wands
 n - a wand of flame (50)
 A - a wand of mindburst (12)
 F - a wand of digging (6)
 H - a wand of polymorph (9)
 K - a wand of paralysis (11)
 S - a wand of iceblast (3)
Scrolls
 i - 2 scrolls of immolation
 l - 2 scrolls of enchant armour
 m - 8 scrolls of identify
 o - 4 scrolls of teleportation
 p - 3 scrolls of poison
 q - a scroll of noise
 u - 6 scrolls of vulnerability
 I - a scroll of butterflies
 J - 3 scrolls of amnesia
 Y - 3 scrolls of fog
Potions
 d - 8 potions of curing
 e - a potion of might
 f - 2 potions of attraction
 g - 2 potions of cancellation
 h - 5 potions of mutation
 r - 6 potions of heal wounds
 v - 4 potions of ambrosia
 w - 5 potions of brilliance
 x - a potion of enlightenment
 z - 2 potions of lignification
 D - 4 potions of magic
Miscellaneous
 O - a phantom mirror (inert)
 T - a box of beasts (inert)


   Skills:
 * Level 8.5 Fighting
 + Level 2.3 Ranged Weapons
 * Level 13.0 Throwing
 + Level 2.6 Armour
 * Level 9.4 Dodging
 + Level 3.1 Stealth
 + Level 13.1 Unarmed Combat
 * Level 7.8 Invocations
 * Level 2.3 Evocations
 * Level 9.2 Shapeshifting


You had 13 spell levels left.
You didn't know any spells.
Your spell library contained the following spells:

 Spells                   Type           Power      Damage    Failure   Level
 Shock                    Conj/Air       0%         1d3       30%         1
 Ensorcelled Hibernation  Hex/Ice        0%         N/A       43%         2
 Passwall                 Tmut/Erth      0%         N/A       43%         2
 Sublimation of Blood     Necr           0%         N/A       43%         2
 Wereblood                Tmut           0%         N/A       43%         2
 Inner Flame              Hex/Fire       0%         N/A       67%         3
 Ozocubu's Armour         Ice            0%         N/A       67%         3
 Portal Projectile        Hex/Tloc       0%         N/A       67%         3
 Swiftness                Air            0%         N/A       67%         3
 Tukima's Dance           Hex            0%         N/A       67%         3
 Airstrike                Air            0%         2d(0-16)  97%         4
 Animate Armour           Summ/Erth      0%         N/A       97%         4
 Flame Wave               Conj/Fire      0%         2d4       97%         4
 Iskenderun's Mystic Bla  Conj/Tloc      0%         2d3       97%         4
 Sticky Flame             Conj/Fire      0%         2d3       97%         4
 Summon Lightning Spire   Summ/Air       0%         N/A       97%         4
 Alistair's Intoxication  Tmut/Pois      0%         N/A       100%        5
 Borgnjor's Vile Clutch   Necr/Erth      0%         N/A       100%        5
 Lee's Rapid Deconstruct  Erth           0%         3d4*      100%        5
 Eringya's Noxious Bog    Tmut/Pois      0%         4d6       100%        6
 Ozocubu's Refrigeration  Ice            0%         4d7       100%        7
 Summon Hydra             Summ           0%         N/A       100%        7


Dungeon Overview and Level Annotations

Branches:
Dungeon (14/15)            Temple (1/1) D:7            Lair (5/5) D:8
 Shoals (0/4) Lair:3        Snake (0/4) Lair:2        Slime (0/5) Lair:4
    Orc (0/2) D:10         Vaults (0/5) D:13          IceCv (1/1)

Altars:
Ashenzari
Cheibriados
Dithmenos
Elyvilon
Fedhas
Gozag
Hepliaklqana
Kikubaaqudgha
Makhleb
Nemelex Xobeh
Okawaru
Qazlal
Ru
Sif Muna
Trog
Uskayaw
Vehumet
Wu Jian
Xom
Yredelemnul
Zin
The Shining One

Annotations:
IceCv exclusion: obsidian statue


Innate Abilities, Weirdness & Mutations

You are a hulking beast.
Your limbs bulge with bestial killing power. (Slay +6)
You are too large for most types of armour.
You have claws for hands.
Your natural rate of healing is unusually fast.
You are covered in fur. (AC +1)
You have tough skin. (AC +1)


Message History

The bog body is moderately damaged.
You mangle the bog body!!
The bog body is almost destroyed.
The bog body touches you. The bog body freezes you!!
You barely miss the bog body.
The bog body is almost destroyed.
The bog body points at you and mumbles some strange words.
You feel yourself slow down.
You eviscerate the bog body!!!
You destroy the bog body!
Cheibriados thoroughly appreciates the change of pace.
A seven-headed hydra simulacrum comes into view.
You mangle the golden dragon simulacrum!!
The golden dragon simulacrum is moderately damaged.
The golden dragon simulacrum bites you!!
The golden dragon simulacrum freezes you!!
The golden dragon simulacrum misses you.
The golden dragon simulacrum tramples you but does no damage.
Unknown command.
You claw the golden dragon simulacrum!
The golden dragon simulacrum is heavily damaged.
The golden dragon simulacrum barely misses you.
The golden dragon simulacrum claws you!
The golden dragon simulacrum freezes you!!!
* * * LOW HITPOINT WARNING * * *
The golden dragon simulacrum tramples you but does no damage.
Unknown command.
Unknown command.
Unknown command.
Okay, then.
Unknown command.
Okay, then.
Activating: Slouch (7% risk of failure)
Press: ? - help, Dir - look around, f - activate You can feel time thicken for a moment.
The golden dragon simulacrum completely misses you.
The golden dragon simulacrum claws you.
* * * LOW HITPOINT WARNING * * *
The golden dragon simulacrum freezes you!!!
You die...

### ##.#########
# ##=#........#
.#
##.#.#.#####.##.#
##.#####.# #.#.#
##.## #..# #.h#
##.## ...## #.#Z#
#.## .8..# #.##Z#
.## ##5... #.#
... ## #.4.#..
#.# .## .## ##4§#
#. ### .# #.##
#.§# # ##.###.##
##.##.##


You could see a seven-headed hydra simulacrum and a golden dragon simulacrum.

Vanquished Creatures
  Frances (D:14)
  Roxanne (D:14)
  The ghost of semitonal the Mender, a journeyman OpSh of Elyvilon (D:12)
  Josephine (D:11)
  3 hydras
  3 two-headed ogres (D:12)
  3 boulder beetles
  3 tengu warriors
  3 death yaks (Lair:2)
  Urug (D:10)
  2 skysharks
  Lodul (D:12)
  5 skeletal warriors (D:13)
  A bog body (IceCv)
  An orc knight (D:12)
  8 spriggan simulacra (IceCv)
  A lindwurm (D:13)
  3 ugly things
  A wolf spider (Lair:5)
  3 cyclopes
  A salamander (Lair:2)
  2 moths of wrath (D:12)
  3 elephants (Lair:2)
  A manticore (D:13)
  6 black mambas
  A guardian serpent (Lair:5)
  A torpor snail (Lair:1)
  A kobold demonologist (D:10)
  2 rime drakes
  10 cane toads
  14 komodo dragons
  2 anaconda simulacra (IceCv)
  5 freezing wraiths
  4 ice devils (IceCv)
  7 trolls
  3 polar bears
  5 hornets
  14 blink frogs
  2 dream sheep (Lair:1)
  9 slime creatures (D:14)
  2 shadows
  A centaur simulacrum (D:14)
  A dire elephant simulacrum (IceCv)
  12 wyverns
  7 wraiths
  54 yaks
  4 steam dragons
  5 basilisks
  A redback (Lair:5)
  5 minotaur simulacra (IceCv)
  5 vampire mosquitoes
  23 water moccasins
  2 sky beasts
  4 orc warriors
  A swamp drake (Lair:3)
  2 ice beasts (D:6)
  2 black bears (D:6)
  10 ogres
  4 wolves (Lair:2)
  6 centaurs
  A kobold brigand (D:9)
  2 phantoms (D:6)
  Blork the orc (D:6)
  A scorpion (D:6)
  8 deep troll simulacra (IceCv)
  10 bullfrogs
  10 wights
  17 killer bees
  3 electric eels
  3 howler monkeys
  4 lava snakes (Lair:2)
  2 hounds
  5 orc priests
  3 jellies (D:4)
  3 iguanas
  Natasha (thrice) (D:3)
  8 orc wizards
  4 hell rats
  A boggart simulacrum (D:14)
  4 gnolls (D:6)
  6 adders
  4 white imps
  2 ufetubi
  A worm (D:3)
  A dart slug (D:1)
  31 orcs
  6 endoplasms
  4 giant cockroaches
  5 goblins
  2 hobgoblins
  2 quokkas (D:1)
  12 ball pythons
  5 bats
  2 frilled lizards (D:1)
  10 kobolds
  5 rats
481 creatures vanquished.

Vanquished Creatures (collateral kills)
  A hydra (D:14)
  A wind drake (shapeshifter) (D:14)
2 creatures vanquished.

Vanquished Creatures (others)
  A steam dragon (D:7)
  A shadow imp (D:7)
2 creatures vanquished.

Grand Total: 485 creatures vanquished

Notes
Turn   | Place    | Note
-------+----------+-------------------------------------------
     0 | D:1      | Morbidden the Troll Shapeshifter began the quest for the
                  | Orb.
     0 | D:1      | Reached XP level 1. HP: 18/18 MP: 0/0
   177 | D:1      | Reached skill level 1 in Fighting
   206 | D:1      | Reached XP level 2. HP: 27/27 MP: 1/1
  1020 | D:2      | Reached XP level 3. HP: 32/33 MP: 2/2
  1606 | D:3      | Reached XP level 4. HP: 28/41 MP: 3/3
  1611 | D:3      | Reached skill level 1 in Throwing
  1671 | D:3      | Noticed Natasha
  1684 | D:3      | Reached XP level 5. HP: 45/48 MP: 4/4
  1690 | D:3      | Killed Natasha
  1858 | D:3      | Found a glowing silver altar of Zin.
  1858 | D:3      | Noticed an angel
  2208 | D:3      | Reached XP level 6. HP: 57/57 MP: 5/5
  2215 | D:3      | Noticed Natasha
  2223 | D:3      | Killed Natasha
  2300 | D:3      | Noticed Natasha
  2305 | D:3      | Killed Natasha
  2439 | D:4      | Found a hide-covered altar of Uskayaw.
  3323 | D:4      | Found a shimmering blue altar of Sif Muna.
  3401 | D:5      | Entered Level 5 of the Dungeon
  3410 | D:4      | Reached XP level 7. HP: 53/66 MP: 6/6
  3661 | D:4      | Reached skill level 5 in Unarmed Combat
  4900 | D:6      | Reached skill level 5 in Shapeshifting
  4900 | D:6      | Reached XP level 8. HP: 69/75 MP: 7/7
  4956 | D:6      | Reached skill level 1 in Stealth
  4960 | D:6      | Reached skill level 1 in Ranged Weapons
  5087 | D:6      | Noticed Blork the orc
  5091 | D:6      | Killed Blork the orc
  5476 | D:6      | Reached XP level 9. HP: 84/84 MP: 8/8
  6120 | D:7      | Found a staircase to the Ecumenical Temple.
  6179 | Temple   | Entered the Ecumenical Temple
  6301 | D:7      | Found a snail-covered altar of Cheibriados.
  6320 | D:7      | Became a worshipper of Cheibriados the Contemplative
  6646 | D:8      | Reached skill level 1 in Invocations
  6675 | D:8      | Reached skill level 5 in Dodging
  6677 | D:8      | Reached XP level 10. HP: 92/94 MP: 9/9
  6914 | D:8      | Reached * piety under Cheibriados
  7112 | D:8      | Found a staircase to the Lair.
  7351 | D:9      | Reached skill level 5 in Fighting
  7748 | D:9      | Reached skill level 5 in Throwing
  7853 | D:10     | Entered Level 10 of the Dungeon
  7872 | D:10     | Noticed Urug
  7882 | D:10     | Reached ** piety under Cheibriados
  8052 | D:10     | Found a staircase to the Orcish Mines.
  8090 | D:10     | Killed Urug
  8706 | D:10     | Reached XP level 11. HP: 93/104 MP: 12/12
  9219 | Lair:1   | Entered Level 1 of the Lair of Beasts
  9325 | D:8      | Identified 2 scrolls of acquirement
  9325 | D:8      | Acquired 856 gold pieces
  9327 | D:8      | Acquired a manual of Throwing
  9627 | Lair:1   | Reached *** piety under Cheibriados
 10067 | Lair:1   | Identified the +4 dagger "Mokupudu" {freeze, Int+6}
 10678 | Lair:2   | Reached **** piety under Cheibriados
 10858 | Lair:2   | Noticed a death yak
 10861 | Lair:2   | Noticed a death yak
 10871 | Lair:2   | Killed a death yak
 10872 | Lair:2   | Reached XP level 12. HP: 108/114 MP: 14/14
 10909 | Lair:2   | Noticed a death yak
 10927 | Lair:2   | Reached skill level 10 in Unarmed Combat
 10933 | Lair:2   | Killed a death yak
 10939 | Lair:2   | Killed a death yak
 11029 | Lair:2   | Reached skill level 5 in Invocations
 11075 | Lair:2   | Reached ***** piety under Cheibriados
 11214 | Lair:2   | Found a staircase to the Snake Pit.
 12682 | Lair:3   | Found a staircase to the Shoals.
 12941 | Lair:3   | Reached XP level 13. HP: 32/124 MP: 16/16
 13630 | Lair:4   | Found a staircase to the Slime Pits.
 13979 | Lair:5   | Entered Level 5 of the Lair of Beasts
 14175 | Lair:5   | Reached skill level 10 in Throwing
 15227 | Lair:5   | Paralysed by a hornet for 3 turns
 15587 | D:11     | Noticed Josephine
 15603 | D:11     | Killed Josephine
 16348 | D:12     | Found a bloodstained altar of Trog.
 16380 | D:12     | Noticed Lodul
 16398 | D:12     | Killed Lodul
 16423 | D:12     | Reached XP level 14. HP: 120/135 MP: 18/18
 16561 | D:12     | Found a bloodstained altar of Trog.
 16561 | D:12     | Noticed semitonal's ghost (journeyman OpSh)
 16584 | D:12     | Found a transporter.
 16589 | D:12     | Found a transporter.
 16951 | D:12     | Acquired 808 gold pieces
 17068 | D:12     | Killed semitonal's ghost
 17069 | D:12     | Reached skill level 1 in Armour
 17083 | D:12     | Acquired the ring of Yendor {rF++ MP+9 Int+2}
 17578 | D:13     | Reached skill level 1 in Evocations
 17891 | D:13     | Found a gate to the Vaults.
 17928 | D:14     | Noticed Roxanne
 17943 | D:14     | Killed Roxanne
 18222 | D:14     | Noticed Frances
 18234 | D:14     | Killed Frances
 18289 | D:14     | Found a frozen archway.
 18295 | IceCv    | Entered an ice cave
 19549 | IceCv    | Acquired the +1 hat "Esudihal" {Dex+2}
 19579 | IceCv    | Annihilated by a golden dragon simulacrum

Illustrated notes

Levels and vault maps discovered:
D:1:      sevenhm_arrival_forest_fort_small_1, layout_basic,
          minmay_misc_feat_ornament, serial_bayou_ford_a, grunt_decor_arrowhead
D:2:      layout_basic
D:3:      layout_loops_cross, zin_angel, uniq_natasha
D:4:      layout_basic, eat_drink_and_be_merry_uskayaw,
          kennysheep_orc_sif_temple
D:5:      layout_layer_cave, nicolae_fountain_basement
D:6:      layout_loops_ring, uniq_blork_the_orc
D:7:      layout_basic, mainiacjoe_overflow_brackets, temple_pool_b,
          serial_glass, glass_columns_a, glass_columns_c,
          wad_floor_pattern_untrapped
D:8:      layout_cave_pools, david_lair_shrubbed, minmay_misc_feat_roman,
          kennysheep_small_spiral
D:9:      layout_rooms
D:10:     layout_layer_cave, orc_david_3, uniq_urug
D:11:     layout_loops_ring, lemuel_nasty_fountain, uniq_josephine
D:12:     layout_rooms, gammafunk_ghost_wrathful_warriors, bloody_trog,
          uniq_lodul
D:13:     layout_rooms, david_vaults_4, minmay_hedge_maze
D:14:     layout_loops_cross, minmay_misc_feat_plants,
          portal_ice_cave_entry_horrid_things, uniq_frances, uniq_roxanne
Temple:   regret_index_temple_mists
Lair:1:   layout_regular_city, chequers_serial_rivers_room_b, grunt_megastairs_1
Lair:2:   layout_roguey, nicolae_snake_entry_warm_welcome,
          lemuel_another_geyser, infiniplex_staircase_pool, grunt_megastairs_3
Lair:3:   layout_cave_pods, shoals_dummy_entry, hibernation_bobbens
Lair:4:   layout_big_grid, slime_entry_1
Lair:5:   hangedman_lair_tendril_chambers, layout_gridlike
IceCv:    ice_cave_caverns_01

Skill      XL: |  1  2  3  4  5  6  7  8  9 10 11 12 13 14 |
---------------+-------------------------------------------+-----
Fighting       | 1 2 3 4 5 6 7 8 |  8.5
Dodging        | 2 3 4 5 7 8 9 |  9.4
Throwing       | 1 2 3 4 5 8 9 11 13 | 13.0
Shapeshifting  | 4 5 6 7 8 9 |  9.2
Unarmed Combat | 4 5 6 7 8 9 11 12 13 | 13.1
Stealth        | 1 2 3 |  3.1
Ranged Weapons | 1 2 |  2.3
Invocations    | 1 3 4 5 6 7 |  7.8
Armour         | 2 |  2.6
Evocations     | 2 |  2.3

Action                     |  1- 3 |  4- 6 |  7- 9 | 10-12 | 13-15 || total
---------------------------+-------+-------+-------+-------+-------++-------
  Melee: Unarmed           |    68 |   110 |   186 |   417 |   330 ||  1111
         Punch             |     1 |     2 |     8 |    29 |    35 ||    75
   Fire: Sling             |       |       |    42 |       |       ||    42
  Throw: Stone             |       |     6 |    20 |    41 |    38 ||   105
         Dart              |       |       |       |    87 |    10 ||    97
         Boomerang         |       |       |       |       |   110 ||   110
         Javelin           |       |       |       |       |    23 ||    23
 Invoke: Slouch            |       |       |       |     2 |    12 ||    14
  Evoke: Wand              |       |       |       |     5 |    11 ||    16
         Phantom mirror    |       |       |       |       |     2 ||     2
         Box of beasts     |       |       |       |       |     1 ||     1
    Use: Scroll            |       |       |     3 |    10 |    21 ||    34
         Potion            |       |       |     3 |     4 |     2 ||     9
   Stab: Sleeping          |     1 |     1 |       |       |     8 ||    10
         Paralysed         |       |       |       |     2 |       ||     2
         Distracted        |       |       |       |     2 |       ||     2
 Armour: Animal skin       |    15 |    37 |    12 |       |       ||    64
         Robe              |       |       |    14 |       |       ||    14
         Skin              |       |       |    37 |    26 |       ||    63
         Steam dragon scal |       |       |     5 |    85 |    15 ||   105
         Troll leather arm |       |       |       |       |    44 ||    44
  Dodge: Dodged            |    30 |    74 |    96 |   262 |   328 ||   790

Table legend: (Time is in decaauts)
 A = Elapsed time spent in this place.
 B = Non-inter-level travel time spent in this place.
 C = Inter-level travel time spent in this place.
 D = Time resting spent in this place.
 E = Time spent auto-exploring this place.
 F = Levels seen in this place.
 G = Mean time per level.
                   A        B        C        D        E       F      G
               +--------+--------+--------+--------+--------+-----+--------+
         Total |  24623 |  23558 |   1065 |   3560 |  15943 |  21 | 1172.5 |
       Dungeon |  14406 |  13634 |    772 |   1476 |   9631 |  14 | 1029.0 |
        Temple |      1 |      1 |      0 |      0 |      0 |   1 |    1.0 |
          Lair |   8608 |   8315 |    293 |   1387 |   5791 |   5 | 1721.6 |
      Ice Cave |   1607 |   1607 |      0 |    695 |    520 |   1 | 1607.0 |
               +--------+--------+--------+--------+--------+-----+--------+

Top non-repeatable levels by time:
  Lair:2: 2094 daAuts
  Lair:3: 1890 daAuts
  Lair:5: 1886 daAuts
    D:10: 1843 daAuts
  Lair:1: 1686 daAuts
   IceCv: 1607 daAuts
    D:11: 1299 daAuts
     D:4: 1275 daAuts
     D:8: 1215 daAuts
    D:12: 1194 daAuts
     D:6: 1116 daAuts
    D:13: 1060 daAuts
  Lair:4: 1050 daAuts
     D:5: 989 daAuts
     D:1: 822 daAuts
